 Dungeon Crawl Stone Soup version 0.19-a0-231-gae044c8 (webtiles) character file.

6892 Delvonshi the Summoner (level 10, -1/79 HPs)
             Began as a Demonspawn Summoner on May 24, 2016.
             Was an Elder of Sif Muna.
             Slain by an unseen horror (9 damage)
             ... on level 10 of the Dungeon on May 25, 2016.
             The game lasted 01:10:57 (13997 turns).

Delvonshi the Summoner (Demonspawn Summoner)       Turns: 13997, Time: 01:10:57

Health: -1/79      AC: 15    Str:  9    XL:     10   Next: 79%
Magic:  8/17       EV: 17    Int: 19    God:    Sif Muna [****..]
Gold:   398        SH:  0    Dex: 17    Spells: 4 memorised, 7 levels left

rFire  . . .     SeeInvis .     h - +2 mace (protect)
rCold  . . .     Gourm    .     y - +2 robe {MR+}
rNeg   . . .     Faith    .     (no shield)
rPois  .         Spirit   .     (helmet unavailable)
rElec  .         Dismiss  .     U - +0 cloak
rCorr  .         Reflect  .     v - +0 pair of gloves
SustAt .         Harm     .     (no boots)
MR     +....                    (no amulet)
Stlth  ++........               J - +3 ring of dexterity
                                B - +5 ring of evasion

@: somewhat resistant to hostile enchantments, unstealthy
A: horns 3, talons 1, iridescent scales 1, wild magic 1, rot immunity
a: Channel Energy, Forget Spell, Renounce Religion


You were on level 10 of the Dungeon.
You worshipped Sif Muna.
Sif Muna was greatly pleased with you.
You were very hungry.

You visited 2 branches of the dungeon, and saw 11 of its levels.

You collected 488 gold pieces.
You spent 90 gold pieces at shops.

Inventory:

Hand Weapons
 e - a +0 whip
 h - a +2 mace of protection (weapon)
 j - a +0 blowgun
 T - a +3 spear
Missiles
 A - 39 poisoned needles
 R - 4 curare-tipped needles
Armour
 a - a +0 robe
 i - a +0 leather armour
 v - a +0 pair of gloves (worn)
 y - a +2 robe of magic resistance (worn)
 F - a +2 scale mail of poison resistance
 U - a +0 cloak (worn)
Jewellery
 k - an uncursed ring of flight
 x - an uncursed ring of sustain attributes
 B - a +5 ring of evasion (left hand)
 H - an uncursed ring of ice
 J - a +3 ring of dexterity (right hand)
 M - an uncursed ring of fire
 X - an uncursed ring of see invisible {unknown}
Wands
 G - a wand of iceblast (6/15)
 S - a wand of polymorph (16/24)
Scrolls
 f - 4 scrolls of identify
 g - 4 scrolls of remove curse
 l - a scroll of enchant weapon {unknown}
 m - a scroll of teleportation
 n - 2 scrolls of enchant armour
 p - 7 scrolls of magic mapping
 s - a scroll of blinking {unknown}
 t - 3 scrolls of immolation
 z - a scroll of noise {unknown}
 C - 2 scrolls of amnesia {unknown}
 D - a scroll of summoning {unknown}
 Q - a scroll of random uselessness {unknown}
 Y - a scroll of brand weapon {unknown}
Potions
 d - 2 potions of flight
 o - 2 potions of cancellation {unknown}
 q - a potion of lignification {unknown}
 u - a potion of degeneration {unknown}
 w - a potion of berserk rage {unknown}
 I - a potion of mutation {unknown}
 K - 2 potions of might {unknown}
 L - a potion of ambrosia {unknown}
 P - a potion of haste {unknown}
Books
 b - a book of Callings

   Spells                             Type                      Level
   a - Summon Small Mammal            Summoning                    1
   b - Call Imp                       Summoning                    2
   c - Call Canine Familiar           Summoning                    3
   d - Summon Guardian Golem          Hexes/Summoning              3
   e - Summon Lightning Spire         Summoning/Air                4
   f - Summon Ice Beast               Ice/Summoning                4
Miscellaneous
 V - a stone of tremors
Comestibles
 c - 8 bread rations
 E - 3 beef jerkies
 N - 2 meat rations
 O - 6 slices of pizza
 W - 3 chunks of flesh


   Skills:
 - Level 7.0 Fighting
 + Level 3.1 Maces & Flails
 - Level 1.7 Dodging
 - Level 1.7 Stealth
 - Level 5.3 Spellcasting
 + Level 9.9 Summonings
 - Level 4.7 Ice Magic
 - Level 5.4 Air Magic
 + Level 7.4 Invocations


You had 7 spell levels left.
You knew the following spells:

 Your Spells              Type           Power        Failure   Level  Hunger
a - Summon Small Mammal   Summ           ####         1%          1    None
b - Call Canine Familiar  Summ           ######..     1%          3    ##.....
c - Summon Lightning Spi  Summ/Air       #####...     10%         4    ####...
d - Summon Ice Beast      Ice/Summ       #####...     12%         4    ####...


Dungeon Overview and Level Annotations

Branches:
Dungeon (10/15)            Temple (1/1) D:4             Orc (0/2) D:9
   Lair: D:8-11

Altars:
Ashenzari
Cheibriados
Dithmenos
Elyvilon
Fedhas
Gozag
Hepliaklqana
Kikubaaqudgha
Makhleb
Nemelex Xobeh
Okawaru
Pakellas
Qazlal
Ru
Sif Muna
Trog
Ukayaw
Vehumet
Xom
Yredelemnul
Zin
The Shining One

Shops:
D:5 %   D:6 }   D:8 *

Annotations:
D:10 Maud


Innate Abilities, Weirdness & Mutations

You have a pair of large horns on your head.
You are partially covered in iridescent scales. (AC +4)
You are immune to rotting.
You have sharp toenails.
Your spells are a little harder to cast, but a little more powerful.


Message History

* * * LOW HITPOINT WARNING * * *
Something hits you but does no damage. Something hits you!
* * * LOW HITPOINT WARNING * * *
Something hits you!
* * * LOW HITPOINT WARNING * * *
Drink which item? (? for menu, Esc to quit)
You feel better. Something barely misses you.
Something hits you but does no damage. x2
There is an open door here.
Something hits you but does no damage. Something hits you but does no damage.
Something hits you.
* * * LOW HITPOINT WARNING * * *
The orc priest miscasts a cantrip.
Drink which item? (? for menu, Esc to quit)
You feel better. Something hits you!
* * * LOW HITPOINT WARNING * * *
Something hits you!
You die...

......# ###......<[#
#####Y### ......#
#........# #C# ###.###
#........# #o# #.#
##'####### #.# #.# #.#####
#.# #.# #.....# ##.### #.#
######'## #..... #.#
#.......# #..... ##.#
#.<.@.o.# #.....
#..#########.......###
#.....
##.##.......'.......'.#
#.o...
.††...#######.......#@####
#..... ##.####
#.......#..o.###..o.. #.#
####+#######...#..... #.#
###....... #.# ###.....
##.# ####.#


You could see Maud, an orc warrior and an orc priest.

Vanquished Creatures
  A human (D:8)
  Sigmund (D:5)
  5 yaks
  An ice beast (D:8)
  2 slaves
  4 sky beasts
  2 centaurs
  A crocodile (D:9)
  A big kobold (D:8)
  4 giant frogs
  A scorpion (D:9)
  2 killer bees (D:10)
  2 crimson imps
  2 jellies
  3 orc priests
  8 hounds
  2 giant frog skeletons
  6 orc wizards
  6 iguanas
  A sheep (D:8)
  A killer bee zombie (D:6)
  A howler monkey zombie (D:6)
  3 gnolls (D:8)
  A howler monkey skeleton (D:8)
  4 adders
  2 shadow imps
  2 oozes (D:1)
  An adder zombie (D:9)
  An adder skeleton (D:4)
  3 worms
  2 dart slugs
  6 giant geckos
  14 orcs
  6 bats
  4 giant cockroaches
  5 hobgoblins
  9 jackals
  A quokka (D:3)
  A ball python (D:2)
  7 giant newts
  7 goblins
  12 kobolds
  A quokka zombie (D:3)
  4 rats
153 creatures vanquished.

Vanquished Creatures (collateral kills)
  2 hill giants (D:10)
  Pikel (D:4)
  Maurice (D:8)
  Psyche (D:8)
  Prince Ribbit (D:8)
  13 yaks
  A wyvern (D:8)
  Eustachio (D:5)
  A hungry ghost (D:10)
  Grum (D:10)
  A hippogriff (D:9)
  3 orc warriors (D:8)
  An ice beast (D:10)
  A slave (D:4)
  2 black bears
  2 wolves (D:10)
  3 ogres
  A crocodile (D:8)
  Blork the orc (D:6)
  9 killer bees
  4 howler monkeys
  An electric eel (D:8)
  A hound (D:9)
  3 crimson imps
  A centaur skeleton (D:9)
  An orc priest (D:3)
  9 orc wizards
  Terence (D:2)
  4 worker ants
  2 sheep (D:8)
  A hound skeleton (D:5)
  An adder (D:3)
  A shadow imp (D:5)
  An ooze (D:4)
  An adder zombie (D:3)
  A worm (D:5)
  12 orcs
  A ball python (D:2)
  2 giant cockroaches
  A goblin (D:2)
  4 hobgoblins
  A jackal (D:2)
  2 quokkas
  A giant newt (D:3)
  A kobold (D:2)
  A quokka zombie (D:3)
106 creatures vanquished.

Vanquished Creatures (others)
  The ghost of damiac the Destroyer, a novice DrCj of Dithmenos (D:7)
  A giant frog (D:7)
  An orc wizard (D:8)
  3 orcs (D:8)
  5 fulminant prisms (D:7)
11 creatures vanquished.

Grand Total: 270 creatures vanquished

Notes
Turn   | Place    | Note
--------------------------------------------------------------
     0 | D:1      | Delvonshi the Demonspawn Summoner began the quest for the Orb.
     0 | D:1      | Reached XP level 1. HP: 13/13 MP: 3/3
   409 | D:1      | Reached skill level 1 in Fighting
   409 | D:1      | Gained mutation: You are partially covered in iridescent scales. (AC +4) [demonic ancestry]
   409 | D:1      | Reached XP level 2. HP: 17/21 MP: 1/5
   633 | D:1      | Reached XP level 3. HP: 26/26 MP: 6/6
  1174 | D:2      | Noticed Terence
  1335 | D:1      | Learned a level 3 spell: Call Canine Familiar
  1726 | D:3      | Reached XP level 4. HP: 29/34 MP: 4/7
  1822 | D:3      | Found a shimmering altar of Xom.
  2155 | D:3      | Reached skill level 5 in Summonings
  2376 | D:3      | Found a shattered altar of Ashenzari.
  2613 | D:4      | Gained mutation: You have a pair of small horns on your head. [demonic ancestry]
  2613 | D:4      | Reached XP level 5. HP: 38/41 MP: 8/8
  2644 | D:4      | Found a deep blue altar of Sif Muna.
  2694 | D:4      | Became a worshipper of Sif Muna the Loreminder
  2750 | D:4      | Found a staircase to the Ecumenical Temple.
  2752 | D:4      | Found a hazy altar of Hepliaklqana.
  2780 | D:4      | Found a shattered altar of Ashenzari.
  2802 | D:4      | Gained mutation: You have a pair of horns on your head. [demonic ancestry]
  2802 | D:4      | Reached XP level 6. HP: 25/47 MP: 10/10
  2894 | D:4      | Learned a level 4 spell: Summon Lightning Spire
  2931 | D:4      | Found an oddly glowing altar of Pakellas.
  3040 | D:4      | Found a sacrificial altar of Ru.
  3226 | Temple   | Entered the Ecumenical Temple
  3699 | D:5      | Entered Level 5 of the Dungeon
  3711 | D:5      | Found Cogiosucs's Food Emporium.
  3794 | D:5      | Noticed Sigmund
  3834 | D:5      | Killed Sigmund
  3834 | D:5      | Reached skill level 1 in Air Magic
  4114 | D:5      | Reached XP level 7. HP: 41/55 MP: 8/11
  4473 | D:5      | Noticed Pikel
  4532 | D:5      | Reached skill level 6 in Summonings
  5258 | D:4      | Killed Pikel
  5258 | D:4      | Reached * piety under Sif Muna
  5258 | D:4      | Reached skill level 5 in Fighting
  5416 | D:5      | Noticed Eustachio
  5522 | D:5      | Killed Eustachio
  5522 | D:5      | Gained mutation: You have a pair of large horns on your head. [demonic ancestry]
  5522 | D:5      | Reached XP level 8. HP: 27/62 MP: 7/12
  5831 | D:6      | Found Iqigen's Gadget Shop.
  5903 | D:6      | Found Zin's Purification Station.
  5906 | D:6      | Found a glowing silver altar of Zin.
  5922 | D:6      | Bought a potion of curing for 90 gold pieces
  5997 | D:6      | Found an oddly glowing altar of Pakellas.
  6048 | D:6      | Noticed Blork the orc
  6058 | D:6      | Killed Blork the orc
  6072 | D:6      | Found a stormy altar of Qazlal.
  6079 | D:6      | Found a snail-covered altar of Cheibriados.
  6147 | D:6      | Reached skill level 5 in Air Magic
  6147 | D:6      | Reached ** piety under Sif Muna
  6182 | D:6      | Reached skill level 7 in Summonings
  6584 | D:6      | Learned a level 4 spell: Summon Ice Beast
  7001 | D:7      | Reached skill level 1 in Ice Magic
  7533 | D:7      | Noticed damiac's ghost (novice DrCj)
  7579 | D:7      | Killed damiac's ghost
  8205 | D:2      | Killed Terence
  8452 | D:8      | Found Seratt's Demolitions Depot.
  8453 | D:8      | Gained mutation: You are immune to rotting. [demonic ancestry]
  8453 | D:8      | Reached XP level 9. HP: 63/71 MP: 8/13
  8917 | D:8      | Noticed Psyche
  8942 | D:8      | Killed Psyche
  9602 | D:8      | Noticed Maurice
 10081 | D:8      | Noticed Prince Ribbit
 10092 | D:8      | Killed Prince Ribbit
 10602 | D:9      | Found a staircase to the Orcish Mines.
 10690 | D:9      | Reached *** piety under Sif Muna
 10690 | D:9      | Reached skill level 8 in Summonings
 10745 | D:9      | Reached skill level 1 in Invocations
 11397 | D:8      | Reached XP level 10. HP: 68/79 MP: 9/16
 11473 | D:8      | Gained mutation: You have sharp toenails. [potion of beneficial mutation]
 11474 | D:8      | Gained mutation: Your spells are a little harder to cast, but a little more powerful. [potion of beneficial mutation]
 12094 | D:8      | Reached skill level 9 in Summonings
 12261 | D:8      | Reached **** piety under Sif Muna
 12435 | D:8      | Killed Maurice
 12435 | D:8      | Reached skill level 5 in Invocations
 12851 | D:9      | Reached skill level 5 in Spellcasting
 13127 | D:10     | Entered Level 10 of the Dungeon
 13246 | D:10     | Noticed a hill giant
 13449 | D:10     | Reached skill level 1 in Maces & Flails
 13506 | D:10     | Noticed Grum
 13519 | D:10     | Killed Grum
 13637 | D:10     | Noticed a hill giant
 13650 | D:10     | Killed a hill giant
 13765 | D:10     | Killed a hill giant
 13915 | D:10     | Noticed Maud
 13997 | D:10     | Slain by an unseen horror

Vault maps used:
D:1:      ncdulo_watergridlock, feat_on_display
D:2:      kennysheep_the_goblin_king, first_bread, uniq_terence
D:3:      nicolae_overflow_crystal_walls, serial_undead, serial_undead_f,
          serial_undead_d, serial_undead_b, serial_undead_c,
          grunt_decor_mini_mirrors, minivault_14, xom_teletrap_fun
D:4:      kennysheep_little_box, nicolae_ru_path_of_blood, lemuel_crystal_altar,
          nicolae_overflow_hidden_temple, lemuel_statue_altar
D:5:      serial_shops, kennysheep_mini_moat, uniq_pikel, uniq_sigmund,
          uniq_eustachio
D:6:      zin_purify, amethyst_overflow_temple_binary, serial_shops,
          nicolae_shop_trees, minmay_misc_feat_encased, grunt_pakellas_sulfur,
          uniq_blork_the_orc
D:8:      grunt_livestock, serial_bayou_ford_a, nicolae_blasting_shop,
          uniq_maurice, uniq_psyche, uniq_prince_ribbit1
D:9:      orc_0_dummy
D:10:     uniq_grum, uniq_maud, uniq_harold
Temple:   minmay_temple_curvy_14

Skill      XL: |  1  2  3  4  5  6  7  8  9 10 |
---------------+-------------------------------+-----
Fighting       | 1 2 3 4 5 6 7 |  7.0
Summonings     | 5 6 7 8 9 |  9.9
Spellcasting   | 3 4 5 |  5.3
Air Magic      | 1 4 5 |  5.4
Ice Magic      | 2 4 |  4.7
Invocations    | 4 7 |  7.4
Maces & Flails | 3 |  3.1
Dodging        | |  1.7
Stealth        | |  1.7

Action                   |  1- 3 |  4- 6 |  7- 9 | 10-12 || total
-------------------------+-------+-------+-------+-------++-------
Melee: Unarmed           |    18 |       |       |       ||    18
       Whip              |    15 |       |       |       ||    15
       Mace              |   124 |   140 |   419 |   127 ||   810
       Headbutt          |       |    10 |    63 |    26 ||    99
       Kick              |       |       |       |    28 ||    28
 Cast: Summon Small Mamm |    18 |     8 |    16 |     4 ||    46
       Call Canine Famil |     5 |    10 |    34 |     2 ||    51
       Summon Lightning  |       |       |    20 |    14 ||    34
       Summon Ice Beast  |       |       |     4 |    13 ||    17
  Use: Potion            |       |     1 |     3 |     4 ||     8
       Scroll            |       |       |     7 |     1 ||     8
 Stab: Sleeping          |     4 |     3 |     6 |       ||    13
       Distracted        |     2 |     2 |     4 |     3 ||    11
  Eat: Chunk             |     1 |     9 |    21 |     9 ||    40
       Fruit             |     1 |     2 |     1 |       ||     4
       Beef jerky        |       |       |     1 |       ||     1
       Bread ration      |       |       |     1 |       ||     1
       Meat ration       |       |       |     1 |       ||     1
       Pizza             |       |       |       |     2 ||     2
Armor: Robe              |    12 |       |   190 |    98 ||   300
       Leather armour    |    72 |    68 |    45 |       ||   185
Dodge: Dodged            |   139 |    87 |   364 |   139 ||   729
